 Dungeon Crawl Stone Soup version 0.30-a0-390-g80c34de65d (webtiles) character file.

Game seed: 11400158153820021885

1704 CrazyBamboolord the Purveyor of Pain (level 9, -1/46 HPs)
             Began as a Kobold Necromancer on Dec 4, 2022.
             Was an Initiate of Kikubaaqudgha.
             Succumbed to a killer bee's poison
             ... on level 6 of the Dungeon.
             The game lasted 00:29:44 (7177 turns).

CrazyBamboolord the Purveyor of Pain (KoNe)         Turns: 7177, Time: 00:29:45

Health: -1/46      AC:  7    Str:  6    XL:     9   Next: 23%
Magic:  1/19       EV: 16    Int: 26    God:    Kikubaaqudgha [......]
Gold:   57         SH:  0    Dex: 15    Spells: 6/22 levels left

rFire   + . .      SeeInvis .    b - +1 rapier (venom)
rCold   + . .      Faith    .    (no shield)
rNeg    . . .      Spirit   .    y - +0 animal skin
rPois   +          Reflect  .    B - +0 helmet
rElec   +          Harm     .    h - +2 cloak
rCorr   +          Rampage  .    c - +0 pair of gloves
Will    .....                    (no boots)
Stlth   ++++......               (no amulet)
HPRegen 0.27/turn                d - +6 ring of intelligence
MPRegen 0.16/turn                (no ring)

@: lethally poisoned (-1 -> -6), resistant, attractive, animating dead, hasted,
very quick
A: small, no large weapons, nightstalker 3
a: Renounce Religion


You were on level 6 of the Dungeon.
You worshipped Kikubaaqudgha.
Kikubaaqudgha was noncommittal.
You visited 2 branches of the dungeon, and saw 7 of its levels.

You collected 305 gold pieces.
You spent 248 gold pieces at shops.

Inventory:

Hand Weapons
 b - a +1 rapier of venom (weapon)
Missiles
 x - a silver boomerang
 z - a throwing net
Armour
 c - a +0 pair of gloves (worn)
 e - an orb of energy
 h - a +2 cloak (worn)
 y - a +0 animal skin (worn)
 B - a +0 helmet (worn)
Jewellery
 d - a +6 ring of intelligence (left hand)
Wands
 a - a wand of mindburst (10)
Scrolls
 f - 2 scrolls of torment
 g - 4 scrolls of enchant armour
 i - 3 scrolls of teleportation
 k - a scroll of magic mapping {unknown}
 p - a scroll of summoning {unknown}
 q - 2 scrolls of fear
 r - a scroll of blinking {unknown}
 v - a scroll of butterflies {unknown}
 w - a scroll of acquirement {unknown}
 A - a scroll of vulnerability {unknown}
 C - a scroll of amnesia
Potions
 j - a potion of brilliance {unknown}
 l - 3 potions of might
 n - a potion of heal wounds {unknown}
 o - 2 potions of attraction
 s - 3 potions of invisibility
 u - 2 potions of resistance


   Skills:
 + Level 0.7 Fighting
 * Level 4.4 Dodging
 * Level 5.7 Stealth
 * Level 7.2 Spellcasting
 * Level 3.1 Hexes
 * Level 7.6 Necromancy


You had 6 spell levels left.
You knew the following spells:

 Your Spells              Type           Power      Damage    Failure   Level
a - Necrotise             Necr           100%       1d9       1%          1
b - Vampiric Draining     Necr           49%        2d9       1%          3
c - Slow                  Hex            100%       N/A       1%          1
d - Animate Dead          Necr           49%        N/A       2%          4
e - Dispel Undead         Necr           49%        3d18      2%          4
f - Confusing Touch       Hex            26%        N/A       4%          3

Your spell library contained the following spells:

 Spells                   Type           Power      Damage    Failure   Level
 Kiss of Death            Conj/Necr      100%       2d13      1%          1
 Magic Dart               Conj           36%        1d4       6%          1
 Shock                    Conj/Air       36%        1d5       6%          1
 Agony                    Necr           49%        N/A       8%          5
 Blink                    Tloc           18%        N/A       10%         2
 Momentum Strike          Conj/Tloc      18%        3d8       10%         2
 Searing Ray              Conj           18%        2d5       10%         2
 Lesser Beckoning         Tloc           18%        N/A       19%         3
 Swiftness                Air            9%         N/A       19%         3
 Fulminant Prism          Conj/Hex       8%         3d6       32%         4
 Airstrike                Air            4%         2d(1-17)  52%         4


Dungeon Overview and Level Annotations

Branches:
Dungeon (6/15)             Temple (1/1) D:5

Altars:
Ashenzari
Dithmenos
Fedhas
Hepliaklqana
Kikubaaqudgha
Makhleb
Okawaru
Ru
Sif Muna
Trog
Uskayaw
Vehumet
Wu Jian
Xom
Yredelemnul
The Shining One
Ignis

Shops:
D:3 *


Innate Abilities, Weirdness & Mutations

You are small and have problems with some larger weapons.
You are completely attuned to the shadows.


Message History

Your killer bee zombie misses the killer bee. x2
The killer bee stings your killer bee zombie!
Your killer bee zombie closely misses the killer bee.
Your killer bee zombie hits the killer bee.
Aiming: Necrotise (safe; 1% risk of failure)
Press: ? - help, Q - select action, (/) - cycle Shift-Dir - straight line, f - killer bee
Aim: a killer bee (severely wounded, ally target, chance to affect: 88%)
The killer bee writhes in agony.
Your killer bee zombie completely misses the killer bee. x2
Your killer bee zombie hits the killer bee but does no damage.
You miss the killer bee.
The killer bee is severely wounded.
The killer bee completely misses you.
Your killer bee zombie misses the killer bee.
The killer bee completely misses you.
Your killer bee zombie closely misses the killer bee.
Your killer bee zombie completely misses the killer bee.
The killer bee stings you.
* * * LOW HITPOINT WARNING * * *
You are lethally poisoned!
The killer bee poisons you!
Your killer bee zombie hits the killer bee.
Your killer bee zombie completely misses the killer bee.
Unknown command.
It was a potion of resistance.
You feel protected.
* * * LOW HITPOINT WARNING * * *
You feel very sick. The killer bee closely misses you.
Your killer bee zombie hits the killer bee!
The killer bee dies!
Kikubaaqudgha accepts your kill.
It was a potion of attraction.
You feel attractive to monsters.
* * * LOW HITPOINT WARNING * * *
You feel sick.
Unknown command.
It was a potion of haste.
You feel yourself speed up.
You die...
Kikubaaqudgha rasps: "You have failed me!
Welcome... death!"

....<..## ........ .......#
......... ......## ........#
......# ........### ......#
..........##### ....##
..............###### #..##
)..................### ##....
.......#####...Z@>...#######..##.
.......# ##...Z.............####
......## #................###
......# #...............## ....##
##...............#
#...............##
#...............#
#..............##
#...........#..#


You could see 2 friendly killer bee zombies.

Vanquished Creatures
  The ghost of Heedrag the Cudgeller, an amateur MiFi (D:4)
  The ghost of Elric the Magician, an amateur DEFE of Sif Muna (D:5)
  A steam dragon (D:6)
  An orc warrior (D:6)
  2 kobold brigands
  A necrophage (D:5)
  4 wights (D:6)
  2 killer bees (D:6)
  2 hounds (D:5)
  A jelly (D:6)
  2 orc priests
  2 iron imps (D:4)
  Jessica (D:2)
  Robin (D:4)
  3 gnolls (D:2)
  8 adders
  An ufetubus (D:6)
  3 worms
  3 dart slugs (D:1)
  7 orcs
  10 endoplasms
  5 giant cockroaches
  11 goblins
  13 hobgoblins
  4 jackals (D:4)
  11 kobolds
  4 quokkas
  3 ball pythons
  4 bats
  3 frilled lizards
  8 rats
123 creatures vanquished.

Vanquished Creatures (collateral kills)
  3 killer bees (D:6)
  An orc (D:6)
  A bat (D:2)
  3 goblins
  2 hobgoblins
  3 kobolds (D:4)
13 creatures vanquished.

Vanquished Creatures (others)
  2 killer bee zombies (D:6)
  7 fungi
  26 plants
35 creatures vanquished.

Grand Total: 171 creatures vanquished

Notes
Turn   | Place    | Note
-------+----------+-------------------------------------------
     0 | D:1      | CrazyBamboolord the Kobold Necromancer began the quest for
                  | the Orb.
     0 | D:1      | Reached XP level 1. HP: 10/10 MP: 3/3
    27 | D:1      | Found a faded altar of an unknown god.
   207 | D:1      | Reached XP level 2. HP: 15/15 MP: 0/5
   723 | D:1      | Reached XP level 3. HP: 19/19 MP: 2/6
   781 | D:1      | Learned a level 3 spell: Vampiric Draining
  1052 | D:1      | Learned a level 1 spell: Slow
  1439 | D:2      | Reached XP level 4. HP: 23/24 MP: 4/8
  1752 | D:2      | Noticed Jessica
  1754 | D:2      | Killed Jessica
  1755 | D:2      | Reached XP level 5. HP: 28/28 MP: 7/10
  1808 | D:2      | Reached skill level 5 in Necromancy
  2491 | D:3      | Learned a level 4 spell: Animate Dead
  2780 | D:3      | Found Equmarin's Assorted Antiques.
  2795 | D:3      | Bought a scroll labelled QUELYE YKAHOJ for 31 gold pieces
  2795 | D:3      | Bought a scroll labelled AVYRCH OCLO for 31 gold pieces
  2795 | D:3      | Bought a scroll labelled BEICVE QOEXAACS for 31 gold pieces
  3514 | D:4      | Noticed Robin
  3517 | D:4      | Reached XP level 6. HP: 31/32 MP: 5/11
  3570 | D:4      | Killed Robin
  3571 | D:4      | Reached skill level 1 in Hexes
  3776 | D:4      | Found a burning altar of Makhleb.
  4085 | D:4      | Found a broken altar of Ashenzari.
  4328 | D:4      | Found a runed translucent gate.
  4331 | D:4      | Found a runed translucent gate.
  4331 | D:4      | Found a runed translucent gate.
  4332 | D:4      | Noticed Heedrag's ghost (amateur MiFi)
  4551 | D:4      | Learned a level 4 spell: Dispel Undead
  4591 | D:4      | Reached XP level 7. HP: 17/36 MP: 1/13
  4631 | D:4      | Killed Heedrag's ghost
  4811 | D:5      | Entered Level 5 of the Dungeon
  4817 | D:5      | Reached skill level 5 in Spellcasting
  5183 | D:5      | Reached XP level 8. HP: 42/42 MP: 2/16
  5518 | D:5      | Found a runed translucent door.
  5519 | D:5      | Noticed Elric's ghost (amateur DEFE)
  5622 | D:5      | Learned a level 3 spell: Confusing Touch
  5672 | D:5      | Killed Elric's ghost
  5815 | D:5      | Found a staircase to the Ecumenical Temple.
  5882 | Temple   | Entered the Ecumenical Temple
  5911 | Temple   | Became a worshipper of Kikubaaqudgha
  6394 | D:3      | Bought a scroll of identify for 62 gold pieces
  6394 | D:3      | Bought a scroll of teleportation for 93 gold pieces
  6461 | D:6      | Found an iron altar of Okawaru.
  6637 | D:6      | Found a shimmering altar of Xom.
  6716 | D:6      | Reached skill level 5 in Stealth
  7080 | D:6      | Reached XP level 9. HP: 46/46 MP: 11/18
  7175 | D:6      | HP: 2/46 [poisoned by a killer bee]
  7177 | D:6      | Succumbed to a killer bee's poison

Illustrated notes

Levels and vault maps discovered:
D:1:      dpeg_arrival_fog, layout_loops_ring,
          hellmonk_ecumenical_altar_run_dry, dreamdust_princess_corridor,
          kennysheep_doodads
D:2:      layout_loops_ring, grunt_ministairs_10, uniq_jessica
D:3:      layout_rooms, serial_shops, nicolae_square_shop,
          grunt_decor_resistance
D:4:      layout_basic, mainiacjoe_overflow_cross_hatched, demons_altar,
          gammafunk_ghost_nasty_kobolds, uniq_robin
D:5:      layout_loops_ring, temple_doors_cd, gammafunk_ghost_grave
D:6:      layout_cave_pods, okawaru_trees_2, mainiacjoe_overflow_alcove_1
Temple:   ebering_untended_altars

Skill      XL: |  1  2  3  4  5  6  7  8  9 |
---------------+----------------------------+-----
Stealth        | 3 4 5 |  5.7
Spellcasting   | 3 4 5 6 7 |  7.2
Necromancy     | 5 6 7 |  7.6
Dodging        | 3 4 |  4.4
Hexes          | 2 3 |  3.1
Fighting       | |  0.7

Action                   |  1- 3 |  4- 6 |  7- 9 || total
-------------------------+-------+-------+-------++-------
Melee: Unarmed           |    18 |    10 |       ||    28
       Quarterstaff      |       |    22 |       ||    22
       Rapier            |       |       |    49 ||    49
 Cast: Necrotise         |    55 |   124 |    55 ||   234
       Dispel Undead     |       |       |    10 ||    10
       Vampiric Draining |       |       |    14 ||    14
       Slow              |       |       |     1 ||     1
       Animate Dead      |       |       |     1 ||     1
  Use: Scroll            |       |     6 |     4 ||    10
       Potion            |       |     2 |     9 ||    11
 Stab: Sleeping          |     1 |       |     4 ||     5
Armor: Robe              |     3 |     5 |       ||     8
       Animal skin       |       |     5 |    22 ||    27
Dodge: Dodged            |    21 |    49 |    72 ||   142

Table legend: (Time is in decaauts)
 A = Elapsed time spent in this place.
 B = Non-inter-level travel time spent in this place.
 C = Inter-level travel time spent in this place.
 D = Time resting spent in this place.
 E = Time spent auto-exploring this place.
 F = Levels seen in this place.
 G = Mean time per level.
                   A        B        C        D        E       F      G
               +--------+--------+--------+--------+--------+-----+--------+
         Total |   7196 |   6836 |    360 |     75 |   5646 |   7 | 1028.0 |
       Dungeon |   7006 |   6646 |    360 |     75 |   5628 |   6 | 1167.7 |
        Temple |    189 |    189 |      0 |      0 |     18 |   1 |  189.0 |
               +--------+--------+--------+--------+--------+-----+--------+

Top non-repeatable levels by time:
     D:4: 1568 daAuts
     D:5: 1361 daAuts
     D:1: 1298 daAuts
     D:2: 1201 daAuts
     D:3: 835 daAuts
     D:6: 742 daAuts
  Temple: 189 daAuts
